 Dungeon Crawl Stone Soup version 0.25.0-33-gff14898491 (webtiles) character file.

Game seed: 18332533154059066886

9 Peloso the Skirmisher (level 2, 24/24 HPs)
             Began as a Demonspawn Fighter on July 7, 2020.
             Got out of the dungeon alive.
             The game lasted 00:00:58 (877 turns).

Peloso the Skirmisher (Demonspawn Fighter)           Turns: 877, Time: 00:00:58

Health: 24/24      AC:  6    Str: 16    XL:     2   Next: 3%
Magic:  2/2        EV:  6    Int:  9    God:
Gold:   29         SH:  8    Dex: 12    Spells: 1/1 levels left

rFire    . . .     SeeInvis .   a - +1 long sword
rCold    . . .     Gourm    .   c - +0 kite shield
rNeg     . . .     Faith    .   b - +0 scale mail
rPois    .         Spirit   .   (helmet restricted)
rElec    .         Reflect  .   (no cloak)
rCorr    .         Harm     .   (no gloves)
MR       .....                  (no boots)
Stlth    ..........             (no amulet)
HPRegen  0.08/turn              (no ring)
MPRegen  0.08/turn              (no ring)

@: no status effects
A: horns 1
a: no special abilities


You escaped.
You were not hungry.

You visited 1 branch of the dungeon, and saw 2 of its levels.

You collected 29 gold pieces.

Inventory:

Hand Weapons
 a - a +1 long sword (weapon)
Armour
 b - a +0 scale mail (worn)
 c - a +0 kite shield (worn)
Jewellery
 h - an uncursed amulet of guardian spirit {unknown}
Potions
 d - a potion of might
 e - a potion of mutation {unknown}
Comestibles
 f - a ration
 g - 3 chunks of flesh


   Skills:
 + Level 3.1 Fighting
 + Level 2.1 Long Blades
 + Level 2.8 Armour
 + Level 2.7 Shields


You had one spell level left.
You didn't know any spells.
Your spell library was empty.

Dungeon Overview and Level Annotations

Branches:
Dungeon (2/15)

Altars:
Ashenzari


Innate Abilities, Weirdness & Mutations

You have a pair of small horns on your head.


Message History

You hit the bat.
The bat is moderately wounded.
The bat hits you but does no damage.
You hit the rat.
You kill the rat!
You have reached level 2!
Your demonic ancestry asserts itself...
A pair of horns grows on your head! The bat hits you but does no damage.
You slash the bat!
You kill the bat!
(D) Dungeon
Where to? (Enter - D:12, ? - help)
What level of the Dungeon? (default 1, ? - help)
There is a stone staircase leading up here.
You climb upwards.
There is a stone staircase leading down here.
There is a staircase leading out of the dungeon here.
Are you sure you want to leave the Dungeon?
This will make you lose the game!
You have escaped!

.#...##.§§# #§§..##.....
#..####§§§## ##§.§.##.....
.....##§§.(## ##.§§§.##.....
...####.....### ###.§§§.§##.....
########......####....§§.##......
......##..............§§.##......
..####.##...............##...)...
........##.............##........
..##.#...###....@..).###.........
..##...##.######8######..........
.....##.....#########............
.....##.#.......##...#####.#.....
.##..##.#.......##.........#.#..#
###..#..#......[##..####..##.##.#
###.##.#####..####..# ##..##.##.#
##..##.# ##..# #..###...##.##.#
##.....# ##.# #..##..#....##.#


There were no monsters in sight!

Vanquished Creatures
  A worm (D:2)
  A goblin (D:1)
  A hobgoblin (D:1)
  A bat (D:2)
  A frilled lizard (D:1)
  2 rats
7 creatures vanquished.

Notes
Turn   | Place    | Note
-------+----------+-------------------------------------------
     0 | D:1      | Peloso the Demonspawn Fighter began the quest for the Orb.
     0 | D:1      | Reached XP level 1. HP: 18/18 MP: 1/1
   158 | D:1      | Found a shattered altar of Ashenzari.
   832 | D:2      | Gained mutation: You have a pair of small horns on your
                  | head. [demonic ancestry]
   832 | D:2      | Reached XP level 2. HP: 24/24 MP: 2/2
   877 | D:$      | Got out of the dungeon alive.

Illustrated notes

Levels and vault maps discovered:
D:1:      heliophobic_arrival_dark_side_of_the_moon, layout_rooms,
          evilmike_ruin_ashenzari
D:2:      layout_loops_cross, serial_bayou, serial_bayou_lagoon_a,
          serial_bayou_shore_a, serial_bayou_lake_a, serial_bayou_ford_a,
          uniq_jessica

Skill      XL: |  1 |
---------------+----+-----
Long Blades    | 2 |  2.1
Fighting       | |  3.1
Armour         | |  2.8
Shields        | |  2.7

Action                   || total
-------------------------++-------
Melee: Long sword        ||    32
  Use: Scroll            ||     5
       Potion            ||     2
Armor: Scale mail        ||    27
Dodge: Dodged            ||    21
Block: Kite shield       ||    13
       Rpst.: Long sword ||     2
